Map: Orbital Shipyard

Players

capac - Winner!

  • Race: Terran Terran
  • League: Gold

motorik

  • Race: Terran Terran
  • League: Bronze

VOD

Have the link to the VOD?

Description

Time

  • Played on: Feb. 17, 2016, 12:26 p.m.
  • Length: 9:50
Show
View Real Time Build Order
Export as new Build Order

capac Terran - Winner!

Build Orders:  

Get SALT Encoding   

  12  0:00  SCV  
  13  0:12  SCV  
  14  0:17  Supply Depot  
  14  0:25  SCV  
  15  0:39  SCV  
  15  0:42  Barracks  
  16  0:51  Refinery, SCV  
  17  1:03  SCV  
  18  1:15  SCV  
  19  1:31  Supply Depot  
  19  1:34  Command Center  
  19  1:36  Barracks Reactor  
  19  1:40  SCV  
  20  1:52  SCV  
  21  2:12  Factory  
  21  2:18  Marine x2  
  21  2:21  Barracks  
  23  2:24  Orbital Command  
  23  2:38  Refinery  
  23  2:42  Marine x2  
  25  2:50  Orbital Command  
  25  2:52  SCV  
  26  3:03  Starport  
  26  3:06  Factory Reactor  
  26  3:14  Marine x2  
  26  3:17  SCV  
  29  3:20  SCV  
  29  3:24  Marine  
  31  3:30  SCV  
  31  3:32  SCV  
  31  3:33  Marine x2  
  35  3:47  Supply Depot  
  35  3:57  Marine x2, SCV  
  35  4:00  Engineering Bay, Marine, SCV  
  40  4:08  Medivac x2  
  41  4:17  Marine  
  41  4:19  Factory Tech Lab  
  41  4:20  Marine  
  43  4:36  Supply Depot, SCV x2  
  45  4:41  Refinery  
  45  4:42  Siege Tank  
  48  4:50  Marine x2  
  48  4:52  Barracks Tech Lab  
  50  4:59  SCV x2  
  52  5:01  Supply Depot  
  52  5:02  Barracks  
  52  5:03  Barracks  
  52  5:14  Marine, Siege Tank  
  52  5:15  Marine x2  
  58  5:35  Bunker  
  58  5:42  Marine, Medivac x2  
  62  5:43  Marine  
  62  5:44  Stimpack  
  64  5:54  Marine x3  
  56  6:30  Marine x5  
  59  6:34  Siege Tank  
  59  6:36  SCV  
  59  6:37  SCV  
  64  6:40  Terran Infantry Weapons Level 1  
  64  6:41  Supply Depot  
  64  6:47  Refinery  
  64  6:49  SCV x2  
  66  6:57  Marine x4  
  70  7:03  SCV x2  
  70  7:06  Medivac  
  74  7:08  Medivac  
  74  7:14  Supply Depot  
  76  7:26  Marine x2  
  78  7:30  Supply Depot  
  78  7:35  Marine x3, SCV x2  
  83  7:41  Supply Depot  
  83  7:45  Siege Tank  
  71  8:20  Siege Tank  
  71  8:21  Marauder, Medivac  
  71  8:22  Marine x3  
  71  8:23  Marine  
  79  8:35  Missile Turret  
  79  8:36  Missile Turret  
  79  8:37  Missile Turret  
  79  8:40  Marine  
  80  8:42  SCV x2  
  80  8:43  Armory  
  82  8:54  SCV  
  83  9:10  SCV x2  
  85  9:22  SCV  
  85  9:23  SCV  
  87  9:27  Marine x5  
  92  9:34  SCV  
Show
View Real Time Build Order
Export as new Build Order

motorik Terran 

Build Orders:  

Get SALT Encoding   

  12  0:01  SCV  
  13  0:14  SCV  
  14  0:20  Supply Depot  
  14  0:28  Refinery  
  14  0:29  SCV  
  15  0:44  Barracks  
  15  0:55  SCV  
  16  0:58  Supply Depot  
  16  1:16  SCV  
  16  1:17  Barracks  
  17  1:33  Barracks Reactor  
  17  2:00  Command Center  
  17  2:05  Barracks Tech Lab  
  17  2:09  Marine  
  17  2:10  Marine  
  19  2:24  Factory  
  19  2:32  Marine x2  
  19  2:36  Concussive Shells  
  21  2:45  Marauder  
  23  2:53  Marine x2  
  25  3:07  Marauder  
  27  3:16  Starport  
  27  3:26  Marine x2  
  29  3:29  SCV  
  30  3:41  SCV  
  31  3:42  Orbital Command  
  31  3:50  Marine x2  
  27  4:17  Marine x2  
  27  4:20  Marauder  
  31  4:28  Medivac  
  33  4:32  SCV  
  33  4:35  Marine x2  
  36  4:41  Marauder  
  38  4:53  Marine x2  
  38  4:55  Stimpack  
  38  4:58  Refinery  
  40  5:03  Marauder  
  42  5:10  Marine  
  42  5:11  Marine  
  44  5:17  SCV  
  45  5:28  Marine  
  45  5:30  Supply Depot  
  46  5:51  Marine, SCV, Medivac  
  46  5:52  Marauder  
  46  5:53  Supply Depot  
  46  5:56  Marine  
  53  6:09  Barracks, Marine  
  50  6:13  Marauder  
  50  6:14  Marine  
  40  6:29  Marine  
  40  6:31  Marine  
  42  6:34  Marauder  
  44  6:41  Medivac  
  46  6:47  Marine  
  46  6:49  Marine  
  48  7:04  Barracks Reactor  
  48  7:12  SCV  
  49  7:22  Marine x2  
  50  7:24  SCV  
  50  7:28  Marauder  
  54  7:36  SCV  
  55  7:40  Marine x2, SCV  
  58  7:49  Marauder  
  60  7:52  SCV  
  60  7:58  Marine  
  62  8:10  SCV  
  58  8:26  Marine x2  
  58  8:27  Marine x2  
  62  8:38  Supply Depot  
  62  9:00  Marine x5, Medivac  
  62  9:01  Supply Depot, Factory Tech Lab  
  69  9:18  Marine  
  69  9:23  Marauder, Marine x3  
  75  9:29  Supply Depot  
Tags
 
Add a new tag
Caveats
  • Supply blocks, unpowered buildings, or Contaminate may cause inaccurate times.
  • Supply counts are checked every 10 seconds.